 Dungeon Crawl Stone Soup version 0.22-a0-775-ga7d80019b5 (webtiles) character file.

15962 Mirvelgyr the Severer (level 12, -6/110 HPs)
             Began as a Minotaur Berserker on July 18, 2018.
             Was a High Priest of Trog.
             Mangled by a freezing wraith (15 damage)
             ... in an ice cave.
             The game lasted 00:19:24 (10490 turns).

Mirvelgyr the Severer (Minotaur Berserker)         Turns: 10490, Time: 00:19:24

Health: -6/110     AC: 18    Str: 27    XL:     12   Next: 5%
Magic:  3/3        EV:  9    Int:  4    God:    Trog [*****.]
Gold:   465        SH:  0    Dex: 10    Spells: 11/11 levels left

rFire    . . .     SeeInvis .   y - +1 battleaxe (antimagic)
rCold    . . .     Gourm    .   (shield currently unavailable)
rNeg     + . .     Faith    .   b - +0 plate armour
rPois    .         Spirit   .   B - +2 hat
rElec    .         Reflect  .   x - scarf {repulsion}
rCorr    .         Harm     .   (no gloves)
MR       ++...                  e - +0 pair of boots
Stlth    ..........             (no amulet)
HPRegen  1.28/turn              o - ring of positive energy
MPRegen  0.08/turn              (no ring)

@: regenerating, slowed, repel missiles, very slow
A: retaliatory headbutt, horns 2
a: Berserk, Trog's Hand, Brothers in Arms, Renounce Religion


You were in an ice cave.
You worshipped Trog.
Trog was extremely pleased with you.
You were not hungry.

You visited 1 branch of the dungeon, and saw 11 of its levels.
You also visited: Ice Cave.

You collected 605 gold pieces.
You spent 140 gold pieces at shops.

Inventory:

Hand Weapons
 y - a +1 antimagic battleaxe (weapon)
Armour
 b - a +0 plate armour (worn)
 e - a +0 pair of boots (worn)
 x - a scarf of repulsion (worn)
 B - a +2 hat (worn)
Jewellery
 o - a ring of positive energy (left hand)
Wands
 i - a wand of polymorph (14)
 u - a wand of iceblast (13)
Scrolls
 a - a scroll of teleportation
 d - 2 scrolls of blinking
 g - a scroll of enchant armour {unknown}
 p - 2 scrolls of immolation {unknown}
 q - a scroll of fog {unknown}
 s - a scroll of noise {unknown}
 t - 2 scrolls of enchant weapon
 v - 2 scrolls of random uselessness
 z - a scroll of magic mapping {unknown}
Potions
 f - 3 potions of haste
 h - 4 potions of flight
 j - 2 potions of lignification
 k - 3 potions of brilliance
 l - 2 potions of curing
 m - a potion of agility
 n - a potion of heal wounds
 r - a potion of resistance
 D - a potion of might
Comestibles
 c - 9 rations


   Skills:
 + Level 11.5 Fighting
 * Level 16.5 Axes
 + Level 11.1 Armour
 + Level 4.4 Dodging


You had 11 spell levels left.
You didn't know any spells.
Your spell library was empty.

Dungeon Overview and Level Annotations

Branches:
Dungeon (11/15)            Temple (0/1) D:5            Lair (0/6) D:9
    Orc: D:9-12

Altars:
Ashenzari
Dithmenos
Elyvilon
Fedhas
Kikubaaqudgha
Nemelex Xobeh
Okawaru
Ru
Uskayaw
Vehumet
Wu Jian
Xom
Yredelemnul
Zin

Shops:
D:4 %=   D:7 *


Innate Abilities, Weirdness & Mutations

You reflexively headbutt those who attack you in melee.
You have a pair of horns on your head.


Message History

The freezing wraith barely misses you.
You closely miss the freezing wraith.
You headbutt the freezing wraith, but do no damage.
The freezing wraith is almost destroyed.
The freezing wraith hits you but does no damage. x2
You hit the freezing wraith but do no damage.
You headbutt the freezing wraith, but do no damage.
The freezing wraith is almost destroyed.
The freezing wraith hits you.
* * * LOW HITPOINT WARNING * * *
The freezing wraith freezes you!
* * * LOW HITPOINT WARNING * * *
The freezing wraith closely misses you.
The freezing wraith hits you but does no damage. x2
You barely miss the freezing wraith.
The freezing wraith is almost destroyed.
The freezing wraith hits you.
* * * LOW HITPOINT WARNING * * *
The freezing wraith freezes you!
You die...

... #..#
#...# #...#
##...# #...#
##.W#
#.@######
##.###...##
#..##.....##
#..#...#...#
#....####..#
#...## #..##
##.## ##..##
### #...##
##....##


You could see a freezing wraith.

Vanquished Creatures
  Gastronok (D:8)
  Erica (D:8)
  4 two-headed ogres
  Nergalle (D:10)
  An orc knight (D:10)
  An orc sorcerer (D:10)
  6 gargoyles (D:7)
  A troll (D:10)
  A freezing wraith (IceCv)
  Prince Ribbit (D:9)
  2 hippogriffs
  Sigmund (D:6)
  A spriggan (D:10)
  6 yaks (D:9)
  Edmund (D:6)
  Duvessa (D:6)
  3 water moccasins
  An orc warrior (D:10)
  4 black bears
  8 ice beasts
  2 sky beasts (D:5)
  A phantom (D:10)
  4 ogres
  3 centaurs
  7 bullfrogs
  A big kobold (D:8)
  Dowan (D:6)
  A water moccasin zombie (D:10)
  4 scorpions
  A water moccasin skeleton (D:7)
  5 wights (D:5)
  A howler monkey (D:6)
  8 crimson imps
  3 bullfrog zombies
  2 quasits
  6 jellies
  A bullfrog skeleton (D:10)
  4 orc priests
  A gnoll shaman (D:9)
  5 hounds
  5 orc wizards
  2 centaur skeletons
  An iguana (D:8)
  7 worker ants
  A wolf simulacrum (IceCv)
  3 polar bear simulacra (IceCv)
  A hound zombie (D:11)
  A hound skeleton (D:4)
  A worker ant zombie (D:9)
  8 gnolls
  19 adders
  3 shadow imps
  18 white imps
  3 worms
  An adder skeleton (D:5)
  3 dart slugs
  12 leopard geckos
  26 orcs
  10 bats
  12 giant cockroaches
  9 hobgoblins
  7 jackals
  13 kobolds
  5 quokkas
  2 ball pythons
  7 frilled lizards
  9 goblins
  A quokka zombie (D:9)
  4 rats
301 creatures vanquished.

Notes
Turn   | Place    | Note
-------+----------+-------------------------------------------
     0 | D:1      | Mirvelgyr the Minotaur Berserker began the quest for the Orb.
     0 | D:1      | Reached XP level 1. HP: 19/19 MP: 0/0
   494 | D:1      | Reached XP level 2. HP: 27/27 MP: 1/1
   546 | D:1      | Reached skill level 4 in Axes
   737 | D:1      | Reached XP level 3. HP: 33/33 MP: 2/2
  1362 | D:2      | Reached XP level 4. HP: 40/40 MP: 3/3
  1370 | D:2      | Reached skill level 5 in Axes
  1502 | D:2      | Reached ** piety under Trog
  1635 | D:2      | Reached XP level 5. HP: 39/47 MP: 4/4
  2199 | D:3      | Noticed a hand axe
  2199 | D:3      | Noticed a dagger
  2201 | D:3      | Found a hide-covered altar of Uskayaw.
  2636 | D:3      | Found a white marble altar of Elyvilon.
  2642 | D:3      | Found a sparkling altar of Nemelex Xobeh.
  2926 | D:3      | Found a sparkling altar of Nemelex Xobeh.
  2926 | D:3      | Found a transporter.
  2992 | D:4      | Reached skill level 5 in Fighting
  2992 | D:4      | Reached skill level 6 in Axes
  3174 | D:4      | Reached XP level 6. HP: 49/56 MP: 5/5
  3264 | D:4      | Reached *** piety under Trog
  3397 | D:4      | Found Noasm's Food Boutique.
  3403 | D:4      | Bought a ration for 70 gold pieces
  3403 | D:4      | Bought a ration for 70 gold pieces
  3451 | D:4      | Found a blossoming altar of Fedhas.
  3451 | D:4      | Found an ancient bone altar of Kikubaaqudgha.
  3658 | D:4      | Found Ciarph's Jewellery Boutique.
  3956 | D:5      | Entered Level 5 of the Dungeon
  4013 | D:5      | Reached skill level 7 in Axes
  4074 | D:5      | Noticed a sky beast
  4093 | D:5      | Killed a sky beast
  4093 | D:5      | Reached skill level 5 in Armour
  4093 | D:5      | Reached XP level 7. HP: 46/62 MP: 6/6
  4230 | D:5      | Found a shadowy altar of Dithmenos.
  4231 | D:5      | Found a shattered altar of Ashenzari.
  4382 | D:5      | Found a glowing drain.
  4520 | D:5      | Found a staircase to the Ecumenical Temple.
  4528 | D:5      | Reached skill level 8 in Axes
  4804 | D:6      | Found a radiant altar of Vehumet.
  4969 | D:6      | Noticed Duvessa
  4970 | D:6      | Noticed Dowan
  4978 | D:6      | Killed Duvessa
  4978 | D:6      | Reached XP level 8. HP: 71/71 MP: 7/7
  4980 | D:6      | Killed Dowan
  4986 | D:6      | Reached skill level 9 in Axes
  5407 | D:6      | Noticed Sigmund
  5412 | D:6      | Killed Sigmund
  5477 | D:6      | Noticed Edmund
  5487 | D:6      | Killed Edmund
  5500 | D:6      | Reached skill level 10 in Axes
  5564 | D:6      | Reached **** piety under Trog
  5576 | D:6      | Found a basalt altar of Yredelemnul.
  5938 | D:6      | Found an iron altar of Okawaru.
  5944 | D:6      | Reached XP level 9. HP: 80/81 MP: 8/8
  6258 | D:7      | Found a sacrificial altar of Ru.
  6356 | D:7      | Noticed a gargoyle
  6369 | D:7      | Killed a gargoyle
  6369 | D:7      | Reached skill level 11 in Axes
  6377 | D:7      | Noticed a gargoyle
  6380 | D:7      | Killed a gargoyle
  6613 | D:7      | Noticed a gargoyle
  6621 | D:7      | Killed a gargoyle
  6635 | D:7      | Noticed a gargoyle
  6649 | D:7      | Killed a gargoyle
  6649 | D:7      | Reached skill level 12 in Axes
  6721 | D:7      | Noticed a gargoyle
  6724 | D:7      | Killed a gargoyle
  6731 | D:7      | Noticed a gargoyle
  6745 | D:7      | Killed a gargoyle
  6745 | D:7      | Reached XP level 10. HP: 41/91 MP: 9/9
  7036 | D:7      | Found Zin's Purification Station.
  7038 | D:7      | Found a glowing silver altar of Zin.
  7613 | D:8      | Found an ornate altar of the Wu Jian Council.
  7619 | D:8      | Noticed a two-headed ogre
  7629 | D:8      | Killed a two-headed ogre
  7629 | D:8      | Reached skill level 10 in Fighting
  7629 | D:8      | Reached skill level 13 in Axes
  7691 | D:8      | Found a shimmering altar of Xom.
  7916 | D:8      | Noticed Erica
  7941 | D:8      | Killed Erica
  7941 | D:8      | Reached skill level 10 in Armour
  8306 | D:8      | Noticed Gastronok
  8324 | D:8      | Killed Gastronok
  8324 | D:8      | Reached skill level 14 in Axes
  8324 | D:8      | Reached XP level 11. HP: 82/101 MP: 10/10
  8763 | D:9      | Found a staircase to the Lair.
  8852 | D:9      | Reached ***** piety under Trog
  8989 | D:9      | Noticed Prince Ribbit
  9002 | D:9      | Reached skill level 15 in Axes
  9013 | D:9      | Killed Prince Ribbit
  9157 | D:10     | Entered Level 10 of the Dungeon
  9203 | D:10     | Noticed an orc sorcerer
  9203 | D:10     | Noticed an orc knight
  9216 | D:10     | Killed an orc knight
  9218 | D:10     | Killed an orc sorcerer
  9325 | D:10     | Noticed a two-headed ogre
  9331 | D:10     | Killed a two-headed ogre
  9449 | D:10     | Reached skill level 16 in Axes
  9523 | D:10     | Noticed a two-headed ogre
  9531 | D:10     | Killed a two-headed ogre
  9849 | D:10     | Noticed Nergalle
  9863 | D:10     | Killed Nergalle
 10032 | D:11     | Noticed a two-headed ogre
 10039 | D:11     | Killed a two-headed ogre
 10354 | D:11     | Found a frozen archway.
 10359 | D:11     | Received a gift from Trog
 10378 | IceCv    | Entered an ice cave
 10419 | IceCv    | Reached XP level 12. HP: 110/110 MP: 3/11
 10490 | IceCv    | Mangled by a freezing wraith

Vault maps used:
D:1:      dpeg_arrival_snail
D:2:      first_ration
D:3:      dancing_weapons_uskayaw, amethyst_overflow_temple_binary,
          serial_park_tiny_2, grunt_nemelex_the_gamble
D:4:      grunt_temple_overflow_growth_and_decay, serial_shops, shop, shop
D:5:      gammafunk_temple_overflow_statue,
          minmay_temple_entry_statues_fountains, gup_sewer_entry_pipe
D:6:      okawaru_metal_pillars_1_2, fiery_altar_vehumet,
          yredelemnul_altar_generic, uniq_edmund, uniq_duvessa, uniq_sigmund
D:7:      cheibrodos_statue_roulette, lemuel_crystal_altar, zin_purify
D:8:      lemuel_coloured_pillars_altar, kennysheep_mini, uniq_gastronok,
          uniq_erica
D:9:      dpeg_oklobed_lair, uniq_prince_ribbit1
D:10:     grunt_pizzeria, uniq_nergalle
D:11:     serial_ice, serial_ice_h, serial_ice_a, serial_ice_e, serial_ice_i,
          portal_ice_cave_entry_imps, gammafunk_ghost_spectres,
          nicolae_twisting_strands, kennysheep_generic_room_4, uniq_fannar
IceCv:    ice_cave_small_necro

Skill      XL: |  1  2  3  4  5  6  7  8  9 10 11 |
---------------+----------------------------------+-----
Axes           | 4 5 6 7 8 10 12 14 16 | 16.5
Fighting       | 4 5 6 8 9 10 11 | 11.5
Armour         | 3 4 5 6 7 8 10 11 | 11.1
Dodging        | 4 |  4.4

Action                   |  1- 3 |  4- 6 |  7- 9 | 10-12 || total
-------------------------+-------+-------+-------+-------++-------
Melee: Hand axe          |    73 |   148 |       |       ||   221
       Headbutt          |    14 |    30 |    45 |    66 ||   155
       War axe           |       |    33 |   186 |   263 ||   482
       Battleaxe         |       |       |       |   132 ||   132
Invok: Trog's Hand       |       |     1 |     5 |     9 ||    15
       Berserk           |       |       |     2 |     6 ||     8
Evoke: Wand              |       |       |       |     1 ||     1
  Use: Scroll            |       |     9 |       |     9 ||    18
  Eat: Chunk             |     1 |     9 |     4 |    14 ||    28
       Ration            |       |       |     3 |     2 ||     5
Armor: Plate armour      |    51 |   121 |   106 |   242 ||   520
Dodge: Dodged            |    31 |    60 |    70 |   146 ||   307
       Deflected         |       |       |     4 |     2 ||     6

Table legend:
 A = Spawn XP
 B = Non-spawn XP
 C = Spawn XP percentage of total XP
 D = Spawn monster count
 E = Non-spawn monster count
 F = Spawn count percentage of total count
 G = Total turns spent on level
                    A         B        C        D         E        F      G
               +---------+---------+-------+---------+---------+-------+---------
         Total |       0 |   22803 |   0.0 |       0 |     301 |   0.0 | 10490
               +---------+---------+-------+---------+---------+-------+---------
           D:1 |       0 |      52 |   0.0 |       0 |      22 |   0.0 |  1207
           D:2 |       0 |     153 |   0.0 |       0 |      30 |   0.0 |   661
           D:3 |       0 |     101 |   0.0 |       0 |      25 |   0.0 |  1113
           D:4 |       0 |     203 |   0.0 |       0 |      19 |   0.0 |   975
           D:5 |       0 |     884 |   0.0 |       0 |      30 |   0.0 |   905
           D:6 |       0 |    1606 |   0.0 |       0 |      24 |   0.0 |  1389
           D:7 |       0 |    3446 |   0.0 |       0 |      24 |   0.0 |  1227
           D:8 |       0 |    5452 |   0.0 |       0 |      29 |   0.0 |  1243
           D:9 |       0 |    2542 |   0.0 |       0 |      31 |   0.0 |   437
          D:10 |       0 |    6069 |   0.0 |       0 |      33 |   0.0 |  1084
          D:11 |       0 |    1137 |   0.0 |       0 |      19 |   0.0 |   137
         IceCv |       0 |    1158 |   0.0 |       0 |      15 |   0.0 |   112
               +---------+---------+-------+---------+---------+-------+---------
